 Dungeon Crawl Stone Soup version 0.22-a0-417-g1387785 (webtiles) character file.

218 Goblin1989 the Insei (level 5, -2/37 HPs)
             Began as a Demonspawn Transmuter on May 13, 2018.
             Slain by an iron imp (8 damage)
             ... summoned by Natasha
             ... on level 3 of the Dungeon on May 14, 2018.
             The game lasted 00:12:40 (4312 turns).

Goblin1989 the Insei (Demonspawn Transmuter)        Turns: 4312, Time: 00:12:41

Health: -2/37      AC:  5    Str:  7    XL:     5   Next: 63%
Magic:  0/8        EV: 12    Int: 12    God:
Gold:   150        SH:  0    Dex: 13    Spells: 2/8 levels left

rFire    + . .     SeeInvis +   I - +6 halberd of Lies {flame, rF+ MR+++ Str-3 Int-4 Stlth+}
rCold    . . .     Gourm    .   (shield currently unavailable)
rNeg     . . .     Faith    .   b - +0 robe
rPois    .         Spirit   +   i - +0 helmet
rElec    .         Reflect  .   (no cloak)
rCorr    .         Harm     .   (no gloves)
MR       +++..                  (no boots)
Stlth    ++........             (no amulet)
HPRegen  0.12/turn              s - ring of see invisible (curse)
MPRegen  0.11/turn              l - ring of flight

@: lethally poisoned (-2 -> -9)
A: thin metallic scales 1, magic shield
a: Evoke Flight


You were on level 3 of the Dungeon.
You were near starving.

You visited 1 branch of the dungeon, and saw 5 of its levels.

You collected 150 gold pieces.

Inventory:

Hand Weapons
 t - a +0 hunting sling
 F - a +1 hunting sling of freezing
 I - the +6 halberd of Lies (weapon) {flame, rF+ MR+++ Str-3 Int-4 Stlth+}
   (You found it on level 4 of the Dungeon)

   It has been specially enchanted to burn those struck by it, causing extra
   injury to most foes and up to half again as much damage against particularly
   susceptible opponents.
   Big, fiery blades are also staple armaments of hydra-hunters.
   It affects your strength (-3).
   It affects your intelligence (-4).
   It protects you from fire.
   It affects your resistance to hostile enchantments.
   It makes you more stealthy.
Missiles
 a - 51 arrows
 u - 56 stones (quivered) {@Q3}
Armour
 b - a +0 robe (worn)
 i - a +0 helmet (worn)
 z - a +0 buckler
Jewellery
 l - a ring of flight (right hand)
 s - a cursed ring of see invisible (left hand)
 y - a cursed ring of loudness {unknown}
Scrolls
 h - a scroll of random uselessness {unknown}
 j - 2 scrolls of teleportation {unknown}
 x - 2 scrolls of remove curse {unknown}
 B - 2 scrolls of identify {unknown}
 C - a scroll of immolation {unknown}
 D - a scroll of fog {unknown}
 H - a scroll of enchant weapon {unknown}
Potions
 g - a potion of might {unknown}
 m - a potion of ambrosia {unknown}
 n - a potion of lignification {unknown}
 r - a potion of mutation {unknown}
 w - a potion of invisibility {unknown}
 G - a potion of magic {unknown}
Comestibles
 e - 5 rations


   Skills:
 - Level 1.0 Fighting
 - Level 1.7 Dodging
 - Level 4.4 Unarmed Combat
 - Level 2.0 Spellcasting
 + Level 4.1 Transmutations


You had 2 spell levels left.
You knew the following spells:

 Your Spells              Type           Power        Failure   Level  Hunger
a - Beastly Appendage     Tmut           ##....       4%          1    ##.....
b - Sticks to Snakes      Tmut           ##......     8%          2    ###....
c - Spider Form           Tmut/Pois      #.........   34%         3    ####...

Your spell library contained the following spells:

 Spells                   Type           Power        Failure   Level  Hunger
 Blade Hands              Tmut           ##........   80%         5    ######.
 Ice Form                 Ice/Tmut       #.......     75%         4    #####..


Dungeon Overview and Level Annotations

Branches:
Dungeon (5/15)
 Temple: D:4-7

Altars:

Shops:
D:5 =

Annotations:
D:2 1 runed door, Sigmund
D:3 Natasha; Nib's ghost, amateur MiCK
D:4 Verendum's ghost, amateur FoCK


Innate Abilities, Weirdness & Mutations

You are partially covered in thin metallic scales. (AC +2)
When hurt, damage is shared between your health and your magic reserves.


Message History

You take 1 damage, and have 12/37 hp.
The bullfrog skeleton hits you.
* * * LOW HITPOINT WARNING * * *
A mysterious force pulls you upwards. The hatch slams shut behind you.
Level annotation: Nib's ghost, amateur MiCK You take 2 damage, and have 10/37 hp.
You now have 4/8 mp.
Wield which item (- for none, * to show all)? (? for menu, Esc to quit)
You feel weaker.
You feel stupid.
The +6 halberd of Lies {flame, rF+ MR+++ Str-3 Int-4 Stlth+} bursts into flame!
I - the +6 halberd of Lies (weapon)
{flame, rF+ MR+++ Str-3 Int-4 Stlth+} You start resting.
Magic restored.
You are near starving!
You regained 11 hp, and now have 21/37 hp.
MP restored: 8 Saving game... please wait.
Level annotation: Nib's ghost, amateur MiCK You become an orb guardian!
Welcome back, Goblin1989 the Demonspawn Transmuter.
Press ? for a list of commands and other information.
Saving game... please wait.
Level annotation: Nib's ghost, amateur MiCK You become an orb guardian!
Welcome back, Goblin1989 the Demonspawn Transmuter.
Press ? for a list of commands and other information.
Unknown command.
Unknown command.
Key pressed, stopping explore.
HP restored.
There is an escape hatch in the ceiling here.
The bat is too close now for your liking.
Health restored: 37 A goblin comes into view.
It is wielding a dagger.
The goblin shouts!
Found a stone staircase leading down.
Natasha, Servant of Life and Death comes into view.
Natasha moves out of view.
Attack whom?
Press: ? - help, Dir - move target cursor, f - goblin
Aim: a goblin, wielding a dagger You reach to attack!
The adder hisses angrily.
You slash the goblin! You burn the goblin.
You kill the goblin!
Natasha hisses angrily.
You puncture the adder! You burn the adder.
The adder is almost dead.
The adder closely misses you.
Natasha mumbles some strange words.
The adder closely misses you.
You hit the adder but do no damage.
The adder is almost dead.
Natasha mumbles some strange words.
The adder bites you but does no damage.
You barely miss the adder.
The adder is almost dead.
Nib's ghost turns its malevolent gaze towards you.
You hear a shout!
The adder bites you. The adder bites you but does no damage.
You barely miss the adder.
The adder is almost dead.
The adder barely misses you. The adder bites you.
The iron imp shouts, "Scamper hence, thou erky clay-brained hugger-mugger!"
Natasha claws you but does no damage.
You miss the adder.
The adder is almost dead.
The adder barely misses you. The adder bites you but does no damage.
Natasha barely misses you.
A kobold comes into view. It is wielding a spear.
You closely miss the adder.
The adder is almost dead.
The adder bites you.
The kobold throws a stone.
The stone hits you but does no damage. Natasha barely misses you.
The adder misses you. The iron imp completely misses you. Natasha misses you.
You miss the adder.
The adder is almost dead.
The bat barely misses you. The bat closely misses you. The adder bites you.
The bat closely misses you. The iron imp hits you! The adder bites you.
You are poisoned.
The adder poisons you! Natasha claws you.
* * * LOW HITPOINT WARNING * * *
You are too injured to fight recklessly!
You are too injured to fight recklessly!
You take 25 damage, and have 12/37 hp.
MASSIVE DAMAGE!!
You now have 2/8 mp.
You are too injured to fight recklessly!
You are too injured to fight recklessly!
Unknown command.
You hit Natasha. You burn Natasha.
Natasha is moderately wounded.
You feel sick. The adder bites you.
* * * LOW HITPOINT WARNING * * *
You are more poisoned.
The adder poisons you! Natasha misses you. The iron imp barely misses you.
The adder barely misses you.
Nib's ghost hits you but does no damage.
The crimson imp disappears for a moment.
Natasha claws you.
* * * LOW HITPOINT WARNING * * *
The iron imp hits you!
You die...

█ ██..█
████.████...█.......
████..██
█..).............███
.....██ █..?...............
..████ █..██.███>.[..█. ..█
..█ ███████..██.██.....███
... .██
███..<....███.K...>..█ ██
.█████...█████...█.....████
.......███ ██..Wb.█..
.███████ █..@55█... █ .█
█..Sh....██


████ .█ .....█.....█ ██████..< .█ ..........████ .......██ .█ ......%....
██████.÷ ██ ......>..... ███.█ █ ............█ █...█ ....... ....█ █.███ █.███
You could see an iron imp, Natasha, Nib's ghost, a crimson imp, an adder, a bat
and a kobold.

Vanquished Creatures
  A hound (D:4)
  A worker ant (D:5)
  Robin (D:2)
  5 adders
  An ooze (D:3)
  3 worms
  2 dart slugs
  4 leopard geckos
  2 orcs (D:3)
  4 giant cockroaches
  15 goblins
  10 hobgoblins
  4 jackals (D:1)
  2 quokkas (D:2)
  A ball python (D:3)
  5 bats
  5 frilled lizards
  11 kobolds
  A quokka skeleton (D:4)
  4 rats
82 creatures vanquished.

Notes
Turn   | Place    | Note
-------+----------+-------------------------------------------
     0 | D:1      | Goblin1989 the Demonspawn Transmuter began the quest for the Orb.
     0 | D:1      | Reached XP level 1. HP: 15/15 MP: 3/3
   276 | D:1      | Gained mutation: You are partially covered in thin metallic scales. (AC +2) [demonic ancestry]
   276 | D:1      | Reached XP level 2. HP: 17/21 MP: 5/5
   837 | D:1      | Reached XP level 3. HP: 26/26 MP: 6/6
  1177 | D:2      | Found a runed door.
  1202 | D:2      | Noticed Robin
  1407 | D:2      | Killed Robin
  1433 | D:2      | Learned a level 2 spell: Sticks to Snakes
  1633 | D:2      | Learned a level 3 spell: Spider Form
  1674 | D:2      | Reached XP level 4. HP: 32/32 MP: 7/7
  1704 | D:2      | Noticed Sigmund
  2939 | D:3      | Noticed Nib's ghost (amateur MiCK)
  3050 | D:3      | Gained mutation: When hurt, damage is shared between your health and your magic reserves. [demonic ancestry]
  3050 | D:3      | Reached XP level 5. HP: 34/37 MP: 1/8
  3480 | D:3      | You fall through a shaft for 2 floors!
  3480 | D:5      | Entered Level 5 of the Dungeon
  3610 | D:5      | Noticed a sky beast
  3634 | D:5      | Found Hegim's Jewellery Shop.
  3794 | D:4      | Noticed Verendum's ghost (amateur FoCK)
  4000 | D:4      | Got a crude halberd
  4058 | D:3      | Identified the +6 halberd of Lies {flame, rF+ MR+++ Str-3 Int-4 Stlth+} (You found it on level 4 of the Dungeon)
  4153 | D:3      | Upgraded the game from 0.22-a0-414-gacd343e to 0.22-a0-417-g1387785
  4302 | D:3      | Noticed Natasha
  4312 | D:3      | Slain by an iron imp

Vault maps used:
D:1:      dpeg_arrival_tiny_i, minmay_tetromino_l2
D:2:      uniq_sigmund, uniq_robin, uniq_crazy_yiuf_cottage
D:3:      uniq_natasha
D:5:      lemuel_round_altar, serial_shops, shop, first_ration,
          minmay_crystal_water, nicolae_alphabet_shops, uniq_prince_ribbit1

Skill      XL: |  1  2  3  4  5 |
---------------+----------------+-----
Unarmed Combat | 3 4 |  4.4
Transmutations | 3 4 |  4.1
Fighting       | |  1.0
Dodging        | |  1.7
Spellcasting   | |  2.0

Action                   |  1- 3 |  4- 6 || total
-------------------------+-------+-------++-------
Melee: Unarmed           |   116 |   152 ||   268
       Punch             |     2 |     2 ||     4
       Kick              |     3 |     6 ||     9
       Halberd           |       |     9 ||     9
 Cast: Beastly Appendage |     4 |     5 ||     9
       Spider Form       |       |     6 ||     6
       Sticks to Snakes  |       |     1 ||     1
  Use: Potion            |       |     2 ||     2
 Stab: Sleeping          |     2 |       ||     2
  Eat: Chunk             |     3 |     7 ||    10
Armor: Robe              |    28 |    48 ||    76
Dodge: Dodged            |    75 |   132 ||   207

Table legend:
 A = Spawn XP
 B = Non-spawn XP
 C = Spawn XP percentage of total XP
 D = Spawn monster count
 E = Non-spawn monster count
 F = Spawn count percentage of total count
 G = Total turns spent on level
                    A         B        C        D         E        F      G
               +---------+---------+-------+---------+---------+-------+---------
         Total |       0 |     312 |   0.0 |       0 |      82 |   0.0 |  4312
               +---------+---------+-------+---------+---------+-------+---------
           D:1 |       0 |      46 |   0.0 |       0 |      25 |   0.0 |  1558
           D:2 |       0 |      93 |   0.0 |       0 |      30 |   0.0 |  1428
           D:3 |       0 |      65 |   0.0 |       0 |      18 |   0.0 |   751
           D:4 |       0 |      51 |   0.0 |       0 |       5 |   0.0 |   406
           D:5 |       0 |      57 |   0.0 |       0 |       4 |   0.0 |   169
               +---------+---------+-------+---------+---------+-------+---------

Vault maps used:
D:1:      dpeg_arrival_tiny_i, minmay_tetromino_l2
D:2:      uniq_sigmund, uniq_robin, uniq_crazy_yiuf_cottage
D:3:      uniq_natasha
D:5:      lemuel_round_altar, serial_shops, shop, first_ration,
          minmay_crystal_water, nicolae_alphabet_shops, uniq_prince_ribbit1
